 Dungeon Crawl Stone Soup version 0.28.0-1-gb440e238dd (webtiles) character file.

Game seed: 6089540410601955372

2178 Ablot the Magician (level 9, -5/64 (69) HPs)
             Began as a Gnoll Warper on Feb 26, 2022.
             Was a Believer of Okawaru.
             Slain by a wight (9 damage)
             ... on level 6 of the Dungeon.
             The game lasted 00:15:18 (9016 turns).

Ablot the Magician (Gnoll Warper)                   Turns: 9016, Time: 00:15:19

HP:   -5/64 (69)    AC: 10    Str: 16    XL:     9   Next: 33%
MP:   18/18         EV: 12    Int: 12    God:    Okawaru [**....]
Gold: 225           SH:  0    Dex: 11    Spells: 19/21 levels left

rFire   . . .      SeeInvis +   x - +0 scimitar (holy)
rCold   . . .      Faith    .   (no shield)
rNeg    + . .      Spirit   .   b - +3 ring mail
rPois   .          Reflect  .   o - +0 helmet
rElec   .          Harm     .   (no cloak)
rCorr   .          Rampage  .   (no gloves)
Will    .....                   (no boots)
Stlth   ++........              (no amulet)
HPRegen 0.20/turn               g - ring of see invisible
MPRegen 0.16/turn               h - ring of positive energy

@: drained
A: fangs 1, strong nose, distributed training
a: Renounce Religion, Heroism


You were on level 6 of the Dungeon.
You worshipped Okawaru.
Okawaru was pleased with you.
You visited 2 branches of the dungeon, and saw 8 of its levels.

You collected 323 gold pieces.
You spent 98 gold pieces at shops.

Inventory:

Hand Weapons
 a - a +0 trident
 x - a +0 scimitar of holy wrath (weapon)
 z - the +5 long sword of the Hero {venom, rF++ Str+4 Int-2 SInv}
   (You found it on level 3 of the Dungeon)

   It poisons the flesh of those it strikes.
   Str:       It affects your strength (+4).
   Int:       It affects your intelligence (-2).
   rF:        It greatly protects you from fire.
   SInv:      It lets you see invisible.
Missiles
 d - 4 boomerangs of dispersal
 f - 198 stones
 l - 118 arrows
 p - 13 bolts
 t - 17 sling bullets
 v - a throwing net
 F - 4 poisoned darts (quivered)
 H - 2 boomerangs
Armour
 b - a +3 ring mail (worn)
 o - a +0 helmet (worn)
Magical Staves
 M - a staff of air
Jewellery
 g - a ring of see invisible (left hand)
 h - a ring of positive energy (right hand)
 N - a ring of resist corrosion
Wands
 i - a wand of charming (5)
 w - a wand of flame (13)
Scrolls
 c - 4 scrolls of blinking
 e - a scroll of torment {unknown}
 j - 3 scrolls of fear
 k - a scroll of fog {unknown}
 m - 2 scrolls of noise {unknown}
 r - a scroll of enchant armour {unknown}
 u - a scroll of magic mapping
 y - a scroll of enchant weapon {unknown}
 A - 3 scrolls of teleportation {unknown}
 B - 2 scrolls of acquirement {unknown}
 I - a scroll of brand weapon {unknown}
 J - 2 scrolls of immolation {unknown}
Potions
 n - a potion of mutation
 q - 3 potions of lignification
 s - a potion of berserk rage {unknown}
 C - 3 potions of might
 D - a potion of brilliance
 E - a potion of curing
 G - a potion of resistance {unknown}
 K - a potion of magic {unknown}
 L - a potion of ambrosia {unknown}


   Skills:
 + Level 6.2 Fighting
 + Level 4.1 Short Blades
 + Level 4.1 Long Blades
 + Level 4.1 Axes
 + Level 4.1 Maces & Flails
 + Level 6.2 Polearms
 + Level 4.1 Staves
 + Level 4.1 Slings
 + Level 4.1 Bows
 + Level 4.1 Crossbows
 + Level 4.9 Throwing
 + Level 4.9 Armour
 + Level 6.2 Dodging
 + Level 4.1 Stealth
 + Level 4.1 Shields
 + Level 4.1 Unarmed Combat
 + Level 6.5 Spellcasting
 + Level 3.4 Conjurations
 + Level 3.4 Hexes
 + Level 3.4 Summonings
 + Level 3.4 Necromancy
 + Level 6.5 Translocations
 + Level 3.4 Transmutations
 + Level 3.4 Fire Magic
 + Level 3.4 Ice Magic
 + Level 3.4 Air Magic
 + Level 3.4 Earth Magic
 + Level 3.4 Poison Magic
 + Level 4.5 Invocations
 + Level 4.1 Evocations


You had 19 spell levels left.
You knew the following spells:

 Your Spells              Type           Power      Damage    Failure   Level
a - Blink                 Tloc           38%        N/A       3%          2

Your spell library contained the following spells:

 Spells                   Type           Power      Damage    Failure   Level
 Apportation              Tloc           38%        N/A       1%          1
 Gell's Gravitas          Tloc           19%        N/A       6%          3
 Lesser Beckoning         Tloc           19%        N/A       6%          3
 Teleport Other           Tloc           19%        N/A       6%          3
 Magic Dart               Conj           48%        1d5       8%          1
 Ensorcelled Hibernation  Hex/Ice        24%        N/A       12%         2
 Inner Flame              Hex/Fire       12%        N/A       22%         3
 Mephitic Cloud           Conj/Pois/Air  12%        N/A       22%         3
 Manifold Assault         Tloc           19%        N/A       50%         5
 Cause Fear               Hex            6%         N/A       58%         4
 Dispersal                Tloc           9%         N/A       97%         6
 Dragon Form              Tmut           6%         N/A       100%        7
 Call Imp                 Summ           Unusable   N/A       N/A         2
 Dragon's Call            Summ           Unusable   N/A       N/A         9

Dungeon Overview and Level Annotations

Branches:
Dungeon (7/15)             Temple (1/1) D:5

Altars:
Ashenzari
Dithmenos
Elyvilon
Fedhas
Hepliaklqana
Kikubaaqudgha
Nemelex Xobeh
Okawaru
Qazlal
Ru
Sif Muna
Trog
Vehumet
Wu Jian
Xom
The Shining One

Shops:
D:2 ?   D:5 [*


Innate Abilities, Weirdness & Mutations

You have very sharp teeth.
Your uncanny sense of smell can sniff out nearby items.
Your experience applies equally to all skills.


Message History

You completely miss the wight. Your bite misses the wight.
The wight closely misses you. The wight hits you but does no damage.
You slash the wight!
The wight convulses.
The wight is severely damaged.
The wight hits you but does no damage.
You hit the wight but do no damage.
The wight is severely damaged.
The wight misses you.
You closely miss the wight.
The wight is severely damaged.
The wight barely misses you.
You hit the wight but do no damage.
The wight is severely damaged.
The wight closely misses you.
You barely miss the wight. You bite the wight, but do no damage.
The wight is severely damaged.
The wight hits you with a +1 mace!
* * * LOW HITPOINT WARNING * * *
You partially resist.
You feel drained.
* * * LOW HITPOINT WARNING * * *
The wight completely misses you.
You hit the wight but do no damage.
The wight is severely damaged.
The wight closely misses you.
You closely miss the wight.
The wight is severely damaged.
The wight hits you but does no damage.
You closely miss the wight.
The wight is severely damaged.
The wight hits you with a +1 mace.
* * * LOW HITPOINT WARNING * * *
Unknown command.
You barely miss the wight.
The wight is severely damaged.
The wight hits you with a +1 mace.
* * * LOW HITPOINT WARNING * * *
You barely miss the wight. You bite the wight, but do no damage.
The wight is severely damaged.
The wight hits you with a +1 mace!
You die...

#...........#
#..##############
###..###....###...##
#............#.....#
#............#.<...#
#.......[....#.....#
#............#.....#
#######..##z####..######
###'##@#####+##...#
#.........#.......#
#.........#.......#
#.........#.......#
#.........'.......#
###################


You could see a wight.

Vanquished Creatures
  A hornet (D:5)
  A hornet zombie (D:6)
  An ice beast (D:5)
  A necrophage (D:6)
  3 ogres
  A phantom (D:4)
  A kobold brigand (D:5)
  Blork the orc (D:5)
  A water moccasin zombie (D:6)
  A wyvern zombie (D:6)
  3 scorpions
  4 wights (D:6)
  A howler monkey (D:6)
  2 centaur zombies (D:6)
  3 bullfrog zombies
  2 hounds
  An orc priest (D:5)
  2 jellies
  Natasha (thrice) (D:4)
  An iguana (D:4)
  2 orc wizards (D:4)
  A killer bee zombie (D:6)
  A hound zombie (D:5)
  Robin (D:2)
  A howler monkey skeleton (D:6)
  2 howler monkey zombies (D:6)
  4 gnolls
  5 adders
  2 white imps
  An ufetubus (D:5)
  3 worms
  2 dart slugs (D:4)
  11 orcs
  9 ball pythons
  5 endoplasms
  4 giant cockroaches
  19 goblins
  8 hobgoblins
  2 jackals (D:4)
  4 quokkas
  6 bats
  3 frilled lizards (D:1)
  8 kobolds
  9 rats
  A toadstool (D:1)
148 creatures vanquished.

Vanquished Creatures (others)
  2 fungi (D:1)
  4 toadstools (D:1)
6 creatures vanquished.

Grand Total: 154 creatures vanquished

Notes
Turn   | Place    | Note
-------+----------+-------------------------------------------
     0 | D:1      | Ablot the Gnoll Warper began the quest for the Orb.
     0 | D:1      | Reached XP level 1. HP: 20/20 MP: 6/6
   168 | D:1      | Reached XP level 2. HP: 25/26 MP: 7/7
   653 | D:1      | Found a faded altar of an unknown god.
   670 | D:1      | Reached XP level 3. HP: 18/31 MP: 9/9
   867 | D:1      | Reached skill level 5 in Spellcasting
  1345 | D:2      | Noticed Robin
  1356 | D:1      | Reached skill level 1 in Invocations
  1623 | D:2      | Killed Robin
  1624 | D:2      | Reached skill level 1 in Short Blades
  1624 | D:2      | Reached skill level 1 in Long Blades
  1624 | D:2      | Reached skill level 1 in Axes
  1624 | D:2      | Reached skill level 1 in Maces & Flails
  1624 | D:2      | Reached skill level 1 in Staves
  1624 | D:2      | Reached skill level 1 in Slings
  1624 | D:2      | Reached skill level 1 in Bows
  1624 | D:2      | Reached skill level 1 in Crossbows
  1624 | D:2      | Reached skill level 1 in Stealth
  1624 | D:2      | Reached skill level 1 in Shields
  1624 | D:2      | Reached skill level 1 in Unarmed Combat
  1624 | D:2      | Reached skill level 1 in Evocations
  1646 | D:2      | Reached XP level 4. HP: 10/38 MP: 11/11
  2192 | D:2      | Reached skill level 1 in Conjurations
  2192 | D:2      | Reached skill level 1 in Hexes
  2192 | D:2      | Reached skill level 1 in Summonings
  2192 | D:2      | Reached skill level 1 in Necromancy
  2192 | D:2      | Reached skill level 1 in Transmutations
  2192 | D:2      | Reached skill level 1 in Fire Magic
  2192 | D:2      | Reached skill level 1 in Ice Magic
  2192 | D:2      | Reached skill level 1 in Air Magic
  2192 | D:2      | Reached skill level 1 in Earth Magic
  2192 | D:2      | Reached skill level 1 in Poison Magic
  2358 | D:2      | Found Owul's Magic Scroll Emporium.
  2369 | D:2      | Bought a scroll of identify for 22 gold pieces
  2369 | D:2      | Bought a scroll of magic mapping for 38 gold pieces
  2369 | D:2      | Bought a scroll of fear for 38 gold pieces
  2579 | D:2      | Reached XP level 5. HP: 4/43 MP: 12/12
  2582 | D:2      | Learned a level 2 spell: Blink
  3677 | D:3      | Found a radiant altar of Vehumet.
  3811 | D:3      | Identified the +5 long sword of the Hero {venom, rF++ Str+4
                  | Int-2 SInv}
  3979 | D:3      | Identified the +0 helmet of Deopeladgh {Harm rElec rC-
                  | Dex-5}
  4676 | D:4      | Noticed Natasha
  4692 | D:4      | HP: 1/64 [Natasha (4)]
  4694 | D:4      | Killed Natasha
  4726 | D:4      | Noticed Natasha
  5018 | D:4      | Killed Natasha
  5019 | D:4      | Reached XP level 6. HP: 39/50 MP: 13/13
  5409 | D:4      | Reached skill level 5 in Fighting
  5409 | D:4      | Reached skill level 5 in Polearms
  5409 | D:4      | Reached skill level 5 in Dodging
  5453 | D:4      | Reached XP level 7. HP: 43/56 MP: 15/15
  5640 | D:4      | Noticed Natasha
  5650 | D:4      | Killed Natasha
  5979 | D:5      | Entered Level 5 of the Dungeon
  5979 | D:5      | Noticed Blork the orc
  5979 | D:5      | Found Hyips's Armour Emporium.
  6110 | D:5      | Got Uvecs's Tome of the Compass and Fascination
  6306 | D:5      | Found a staircase to the Ecumenical Temple.
  6318 | Temple   | Entered the Ecumenical Temple
  6546 | Temple   | Became a worshipper of Warmaster Okawaru
  6621 | D:5      | Killed Blork the orc
  6645 | D:5      | Noticed a hornet
  6650 | D:5      | Paralysed by a hornet for 3 turns
  6652 | D:5      | Killed a hornet
  6653 | D:5      | Reached XP level 8. HP: 26/63 MP: 16/16
  6694 | D:5      | Reached * piety under Okawaru
  6924 | D:5      | Found a shadowy altar of Dithmenos.
  7069 | D:5      | Found Otunn's General Store.
  7129 | D:5      | Found a broken altar of Ashenzari.
  7129 | D:5      | Found an ancient bone altar of Kikubaaqudgha.
  7145 | D:5      | Found a sparkling altar of Nemelex Xobeh.
  7296 | D:5      | Found a faded altar of an unknown god.
  7297 | D:5      | Found a hazy altar of Hepliaklqana.
  7938 | D:6      | Reached ** piety under Okawaru
  7939 | D:6      | Reached XP level 9. HP: 65/69 MP: 18/18
  8643 | D:6      | HP: 3/67 [wight (1)]
  9016 | D:6      | Slain by a wight

Illustrated notes

Levels and vault maps discovered:
D:1:      lightli_arrival_quake, layout_basic,
          shapermc_ecumenical_altar_starsandcircs, minmay_gold_behind_fungi,
          nicolae_figureground_sparkle
D:2:      minmay_inner_zag, layout_rooms, serial_shops, nicolae_shop_waterfront,
          uniq_robin
D:3:      layout_basic, vehumet_altar_wand_db, minmay_misc_feat_tiny
D:4:      layout_basic, grunt_ministairs_14, chequers_garden, uniq_natasha
D:5:      layout_rooms, beargit_hepliaklqana_dungeon_heroes,
          nicolae_dithmenos_the_darkroom, gammafunk_temple_overflow_claw,
          minmay_temple_entry_statues, serial_shops, shop, shop,
          uniq_blork_the_orc
D:6:      layout_gridville, general_overflow_altar, serial_undead,
          serial_undead_e, serial_undead_a, serial_undead_a, serial_undead_a
D:7:      minmay_klotski, layout_cave_pools, dancing_weapons_uskayaw,
          minmay_fractal_squares_diagonal_5, uniq_crazy_yiuf_cottage
Temple:   jpeg_temple_alley_garden

Skill      XL: |  1  2  3  4  5  6  7  8  9 |
---------------+----------------------------+-----
Spellcasting   | 5 6 |  6.5
Invocations    | 1 2 3 4 |  4.5
Short Blades   | 1 2 3 4 |  4.1
Long Blades    | 1 2 3 4 |  4.1
Axes           | 1 2 3 4 |  4.1
Maces & Flails | 1 2 3 4 |  4.1
Staves         | 1 2 3 4 |  4.1
Slings         | 1 2 3 4 |  4.1
Bows           | 1 2 3 4 |  4.1
Crossbows      | 1 2 3 4 |  4.1
Stealth        | 1 2 3 4 |  4.1
Shields        | 1 2 3 4 |  4.1
Unarmed Combat | 1 2 3 4 |  4.1
Evocations     | 1 2 3 4 |  4.1
Conjurations   | 1 2 3 |  3.4
Hexes          | 1 2 3 |  3.4
Summonings     | 1 2 3 |  3.4
Necromancy     | 1 2 3 |  3.4
Transmutations | 1 2 3 |  3.4
Fire Magic     | 1 2 3 |  3.4
Ice Magic      | 1 2 3 |  3.4
Air Magic      | 1 2 3 |  3.4
Earth Magic    | 1 2 3 |  3.4
Poison Magic   | 1 2 3 |  3.4
Throwing       | 3 4 |  4.9
Armour         | 3 4 |  4.9
Fighting       | 5 6 |  6.2
Polearms       | 5 6 |  6.2
Dodging        | 5 6 |  6.2
Translocations | 6 |  6.5

Action                   |  1- 3 |  4- 6 |  7- 9 || total
-------------------------+-------+-------+-------++-------
Melee: Spear             |    16 |       |       ||    16
       Trident           |   144 |   116 |       ||   260
       Bite              |     6 |    17 |    29 ||    52
       Punch             |     2 |     1 |     4 ||     7
       Long sword        |       |    58 |   106 ||   164
       Scimitar          |       |       |   108 ||   108
Throw: Dart              |       |       |     4 ||     4
       Boomerang         |       |       |     1 ||     1
 Cast: Blink             |       |     2 |     1 ||     3
Evoke: Wand              |       |       |     6 ||     6
  Use: Scroll            |       |     1 |     5 ||     6
       Potion            |       |     1 |       ||     1
 Stab: Sleeping          |     2 |       |       ||     2
Armor: Leather armour    |    42 |    27 |     8 ||    77
       Skin              |       |    13 |       ||    13
       Ring mail         |       |       |    78 ||    78
Dodge: Dodged            |    92 |    88 |   150 ||   330
